 Dungeon Crawl Stone Soup version 0.21-a0-369-g397cdb2 (webtiles) character file.

16 Humpert the Slasher (level 2, -3/22 HPs)
             Began as a Demonspawn Gladiator on Oct 15, 2017.
             Slain by a hobgoblin (4 damage)
             ... on level 1 of the Dungeon.
             The game lasted 00:01:26 (972 turns).

Humpert the Slasher (Demonspawn Gladiator)           Turns: 972, Time: 00:01:26

Health: -3/22      AC:  3    Str: 14    XL:     2   Next: 37%
Magic:  2/2        EV: 13    Int:  9    God:
Gold:   71         SH:  0    Dex: 14    Spells: 1/1 levels left

rFire    . . .     SeeInvis .   a - +0 long sword
rCold    . . .     Gourm    .   (no shield)
rNeg     . . .     Faith    .   b - +0 leather armour
rPois    .         Spirit   .   (helmet restricted)
rElec    .         Reflect  .   (no cloak)
rCorr    .         Harm     .   (no gloves)
MR       .....                  (no boots)
Stlth    +.........             (no amulet)
HPRegen  0.07/turn              (no ring)
MPRegen  0.08/turn              (no ring)

@: no status effects
A: antennae 1
a: no special abilities


You were on level 1 of the Dungeon.
You were not hungry.

You visited 1 branch of the dungeon, and saw 1 of its levels.

You collected 71 gold pieces.

Inventory:

Hand Weapons
 a - a +0 long sword (weapon)
Missiles
 d - 3 throwing nets (quivered)
Armour
 b - a +0 leather armour (worn)
 c - a +0 helmet
Scrolls
 g - 2 scrolls of remove curse {unknown}
 k - a scroll of teleportation {unknown}
Potions
 e - 2 potions of flight {unknown}
 h - a potion of berserk rage {unknown}
 i - a potion of curing {unknown}
 l - a potion of degeneration {unknown}
Comestibles
 f - 2 bread rations
 j - a royal jelly


   Skills:
 + Level 2.1 Fighting
 + Level 3.0 Long Blades
 - Level 1.7 Throwing
 * Level 0.7 Armour
 + Level 2.9 Dodging


You had one spell level left.
You didn't know any spells.

Dungeon Overview and Level Annotations

Branches:
Dungeon (1/15)

Altars:


Innate Abilities, Weirdness & Mutations

You have a pair of small antennae on your head.


Message History

You kill the hobgoblin!
There is an open door here.
You see here a club.
There is an open door here.
You see here a club.
As you open the door, it creaks loudly!
You hear a shout!
You sense a monster nearby.
A hobgoblin comes into view.
The hobgoblin hits you. The hobgoblin hits you. The hobgoblin hits you.
* * * LOW HITPOINT WARNING * * *
The hobgoblin hits you but does no damage.
The hobgoblin hits you.
* * * LOW HITPOINT WARNING * * *
The hobgoblin closely misses you. The hobgoblin hits you.
* * * LOW HITPOINT WARNING * * *
The hobgoblin hits you.
You die...

..# #.# ..#
#.######## ..#
#........# #.#
#.######.# #.#
### #.# ..# #.#
# ### #### #.#
.#
##..###.####..#
#....##...@g..#
#.#..##.####..#
#.#..)..# .#
#.#..##.# #
#....##.# #
##..###.# #
#### #.# # #.#
# #######.#


You could see a hobgoblin.

Vanquished Creatures
  A dart slug (D:1)
  2 giant cockroaches (D:1)
  3 hobgoblins (D:1)
  2 kobolds (D:1)
  A bat (D:1)
  A frilled lizard (D:1)
  A goblin (D:1)
  2 rats (D:1)
13 creatures vanquished.

Notes
Turn   | Place    | Note
-------+----------+-------------------------------------------
     0 | D:1      | Humpert the Demonspawn Gladiator began the quest for the Orb.
     0 | D:1      | Reached XP level 1. HP: 16/16 MP: 1/1
   611 | D:1      | Gained mutation: You have a pair of small antennae on your head. [demonic ancestry]
   611 | D:1      | Reached XP level 2. HP: 22/22 MP: 2/2
   854 | D:1      | Reached skill level 3 in Long Blades
   971 | D:1      | HP: 1/22 [hobgoblin (2)]
   972 | D:1      | Slain by a hobgoblin

Vault maps used:
D:1:      dpeg_arrival_renting

Skill      XL: |  1  2 |
---------------+-------+-----
Long Blades    | 3 |  3.0
Fighting       | |  2.1
Throwing       | |  1.7
Armour         | |  0.7
Dodging        | |  2.9

Action                   || total
-------------------------++-------
Melee: Long sword        ||    26
Armor: Leather armour    ||    19
Dodge: Dodged            ||    40
       Rpst.: Long sword ||    15

Table legend:
 A = Spawn XP
 B = Non-spawn XP
 C = Spawn XP percentage of total XP
 D = Spawn monster count
 E = Non-spawn monster count
 F = Spawn count percentage of total count
 G = Total turns spent on level
                    A         B        C        D         E        F      G
               +---------+---------+-------+---------+---------+-------+---------
         Total |       0 |      23 |   0.0 |       0 |      13 |   0.0 |   972
               +---------+---------+-------+---------+---------+-------+---------
           D:1 |       0 |      23 |   0.0 |       0 |      13 |   0.0 |   972
               +---------+---------+-------+---------+---------+-------+---------
